TOP OF THE 1ST |
Chesapeake Continentals batting - Pitching for Tacoma Fur Traders : RHP Álex Hernández
|
Pitching: RHP Álex Hernández
|
|
Batting: LHB Mathias Gudmestad
|
0-0: Bunt for hit - play at first, batter OUT! 3-4
|
Batting: RHB Phil Oostermeer
|
0-0: Foul Ball, location: 2F 0-1: Ball 1-1: Ball 2-1: Fly out, F9 (Line Drive, 89M)
|
Batting: RHB Santiago Valentín
|
0-0: Ball 1-0: Ball 2-0: Foul Ball, location: 2F 2-1: Ball 3-1: SINGLE (Groundball, 6) (infield hit)
|
Batting: LHB Raphaël Duval
|
0-0: Ball 1-0: SINGLE (Line Drive, 89M) Santiago Valentín to second Runner from 2nd tries for 3rd, SAFE, no throw
|
Batting: RHB Brian Moring
|
0-0: Ball 1-0: Ball 2-0: Called Strike 2-1: Foul Ball, location: 2F 2-2: Foul Ball, location: 2F 2-2: Ball 3-2: Foul Ball, location: 2F 3-2: Strikes out swinging
|
Top of the 1st over - 0 runs, 2 hits, 0 errors, 2 left on base; Chesapeake 0 - Tacoma 0 |
BOTTOM OF THE 1ST |
Tacoma Fur Traders batting - Pitching for Chesapeake Continentals : RHP Kyung-nam Kim
|
Pitching: RHP Kyung-nam Kim
|
|
Batting: RHB Jeremy Geertsen
|
0-0: Ball 1-0: Swinging Strike 1-1: Ball 2-1: Fly out, F7 (Line Drive, 7D)
|
Batting: RHB Josh Mawdesley
|
0-0: Called Strike 0-1: Fly out, F2 (Popup, 23F)
|
Batting: RHB Dan Vanblarcom
|
0-0: Called Strike 0-1: Ball 1-1: Foul Ball, location: 2F 1-2: Ball 2-2: Foul Ball, location: 2F 2-2: Foul Ball, location: 2F 2-2: Ground out 5-3 (Groundball, 56)
|
Bottom of the 1st over - 0 runs, 0 hits, 0 errors, 0 left on base; Chesapeake 0 - Tacoma 0 |
TOP OF THE 2ND |
Chesapeake Continentals batting - Pitching for Tacoma Fur Traders : RHP Álex Hernández
|
Batting: RHB Otton Dis
|
0-0: Called Strike 0-1: Fly out, F8 (Line Drive, 8LM)
|
Batting: RHB Nick Bechtel
|
0-0: Ball 1-0: Ball 2-0: Ball 3-0: Base on Balls
|
Batting: SHB Tomás Valdéz
|
0-0: Fly out, F9 (Flyball, 9D)
|
Batting: RHB Shou-chien Luo
|
0-0: Called Strike 0-1: Fly out, F7 (Flyball, 78M)
|
Top of the 2nd over - 0 runs, 0 hits, 0 errors, 1 left on base; Chesapeake 0 - Tacoma 0 |
BOTTOM OF THE 2ND |
Tacoma Fur Traders batting - Pitching for Chesapeake Continentals : RHP Kyung-nam Kim
|
Batting: RHB Chad Silander
|
0-0: Ball 1-0: Foul Ball, location: 2F 1-1: Called Strike 1-2: Ball 2-2: Strikes out looking
|
Batting: RHB Bill Perkins
|
0-0: Swinging Strike 0-1: Foul Ball, location: 2F 0-2: Strikes out swinging
|
Batting: RHB Sinclair Bothof
|
0-0: Ball 1-0: Called Strike 1-1: Called Strike 1-2: Fly out, F8 (Flyball, 8LM)
|
Bottom of the 2nd over - 0 runs, 0 hits, 0 errors, 0 left on base; Chesapeake 0 - Tacoma 0 |
TOP OF THE 3RD |
Chesapeake Continentals batting - Pitching for Tacoma Fur Traders : RHP Álex Hernández
|
Batting: LHB Mathias Gudmestad
|
0-0: Ball 1-0: Ball 2-0: Called Strike 2-1: Ball 3-1: Bunt for hit - play at first, batter safe!
|
Batting: RHB Phil Oostermeer
|
0-0: Called Strike 0-1: Called Strike 0-2: Ball 1-2: Ball 2-2: Foul Ball, location: 2F 2-2: Foul Ball, location: 2F 2-2: 2-RUN HOME RUN (Flyball, 7D), Distance : 420 ft
|
Batting: RHB Santiago Valentín
|
0-0: Ground out 1-5-3 (Groundball, 15S)
|
Batting: LHB Raphaël Duval
|
0-0: Called Strike 0-1: Ball 1-1: Swinging Strike 1-2: Ball 2-2: Ball 3-2: Foul Ball, location: 2F 3-2: Base on Balls
|
Batting: RHB Brian Moring
|
0-0: Ball 1-0: Called Strike 1-1: Ball 2-1: Foul Ball, location: 2F 2-2: Foul Ball, location: 2F 2-2: Ball 3-2: Base on Balls Raphaël Duval to second
|
Batting: RHB Otton Dis
|
0-0: Grounds into double play, 4-6-3 (Groundball, 4M)
|
Top of the 3rd over - 2 runs, 2 hits, 0 errors, 1 left on base; Chesapeake 2 - Tacoma 0 |
BOTTOM OF THE 3RD |
Tacoma Fur Traders batting - Pitching for Chesapeake Continentals : RHP Kyung-nam Kim
|
Batting: RHB Robin Colwill
|
0-0: Ball 1-0: Swinging Strike 1-1: Ball 2-1: Foul Ball, location: 2F 2-2: Ball 3-2: Base on Balls
|
Batting: RHB Michael Palledorous
|
0-0: Called Strike 0-1: SINGLE (Groundball, 6MD) Robin Colwill to second Runner from 2nd tries for 3rd, SAFE, throw made to third
|
Batting: LHB Vance Corkum
|
0-0: Foul Ball, location: 2F 0-1: Fly out, F9 (Flyball, 9) Runner from 3rd tags up, OUT at HOME Michael Palledorous to second
|
Batting: RHB Jeremy Geertsen
|
0-0: Ball 1-0: Foul Ball, location: 2F 1-1: Fly out, F9 (Line Drive, 9)
|
Bottom of the 3rd over - 0 runs, 1 hit, 0 errors, 1 left on base; Chesapeake 2 - Tacoma 0 |
TOP OF THE 4TH |
Chesapeake Continentals batting - Pitching for Tacoma Fur Traders : RHP Álex Hernández
|
Batting: RHB Nick Bechtel
|
0-0: Called Strike 0-1: Ball 1-1: Ball 2-1: Swinging Strike 2-2: Foul Ball, location: 2F 2-2: Foul Ball, location: 2F 2-2: Ball 3-2: Base on Balls
|
Batting: SHB Tomás Valdéz
|
0-0: Called Strike 0-1: Ball Wild Pitch! Nick Bechtel to second 1-1: Swinging Strike 1-2: Ball 2-2: Ground out 4-3 (Groundball, 4) Nick Bechtel to third
|
Batting: RHB Shou-chien Luo
|
0-0: Ball 1-0: Ball 2-0: Called Strike 2-1: Foul Ball, location: 2F 2-2: Ball 3-2: Foul Ball, location: 2F 3-2: Strikes out looking
|
Batting: LHB Mathias Gudmestad
|
0-0: Ball 1-0: Fly out, F8 (Line Drive, 8RS)
|
Top of the 4th over - 0 runs, 0 hits, 0 errors, 1 left on base; Chesapeake 2 - Tacoma 0 |
BOTTOM OF THE 4TH |
Tacoma Fur Traders batting - Pitching for Chesapeake Continentals : RHP Kyung-nam Kim
|
Batting: RHB Josh Mawdesley
|
0-0: Ball 1-0: Foul Ball, location: 2F 1-1: SINGLE (Line Drive, 56)
|
Batting: RHB Dan Vanblarcom
|
0-0: Swinging Strike 0-1: Ball 1-1: Fly out, F7 (Flyball, 78XD)
|
Batting: RHB Chad Silander
|
0-0: Swinging Strike 0-1: Swinging Strike 0-2: Ball 1-2: Ball 2-2: DOUBLE (Flyball, 78D) Josh Mawdesley to third
|
Batting: RHB Bill Perkins
|
0-0: Foul Ball, location: 2F 0-1: Ball 1-1: Ball 2-1: Foul Ball, location: 2F 2-2: Ball 3-2: Foul Ball, location: 2F 3-2: Strikes out looking
|
Batting: RHB Sinclair Bothof
|
0-0: Called Strike 0-1: Ball 1-1: Called Strike 1-2: Ball 2-2: Ball 3-2: Strikes out looking
|
Bottom of the 4th over - 0 runs, 2 hits, 0 errors, 2 left on base; Chesapeake 2 - Tacoma 0 |
TOP OF THE 5TH |
Chesapeake Continentals batting - Pitching for Tacoma Fur Traders : RHP Álex Hernández
|
Batting: RHB Phil Oostermeer
|
0-0: Ball 1-0: Foul Ball, location: 2F 1-1: Ground out U3 (Groundball, 34S)
|
Batting: RHB Santiago Valentín
|
0-0: Foul Ball, location: 2F 0-1: Ball 1-1: Fly out, F9 (Line Drive, 9)
|
Batting: LHB Raphaël Duval
|
0-0: Called Strike 0-1: Foul Ball, location: 2F 0-2: Fly out, F4 (Popup, 4)
|
Top of the 5th over - 0 runs, 0 hits, 0 errors, 0 left on base; Chesapeake 2 - Tacoma 0 |
BOTTOM OF THE 5TH |
Tacoma Fur Traders batting - Pitching for Chesapeake Continentals : RHP Kyung-nam Kim
|
Batting: RHB Robin Colwill
|
0-0: Ball 1-0: Fly out, F7 (Flyball, 7S)
|
Batting: RHB Michael Palledorous
|
0-0: Ball 1-0: Swinging Strike 1-1: Swinging Strike 1-2: Ball 2-2: Strikes out looking
|
Batting: LHB Vance Corkum
|
0-0: Called Strike 0-1: Swinging Strike 0-2: Ball 1-2: Ball 2-2: Ball 3-2: SINGLE (Groundball, 34D)
|
Batting: RHB Jeremy Geertsen
|
0-0: Called Strike Vance Corkum steals 2nd base 0-1: Ball 1-1: Swinging Strike 1-2: Strikes out swinging
|
Bottom of the 5th over - 0 runs, 1 hit, 0 errors, 1 left on base; Chesapeake 2 - Tacoma 0 |
TOP OF THE 6TH |
Chesapeake Continentals batting - Pitching for Tacoma Fur Traders : RHP Álex Hernández
|
Batting: RHB Brian Moring
|
0-0: Called Strike 0-1: Ground out 1-3 (Groundball, 15)
|
Batting: RHB Otton Dis
|
0-0: Ball 1-0: Called Strike 1-1: Foul Ball, location: 2F 1-2: Foul Ball, location: 2F 1-2: Ball 2-2: Strikes out swinging
|
Batting: RHB Nick Bechtel
|
0-0: Called Strike 0-1: Fly out, F3 (Popup, 3SF)
|
Top of the 6th over - 0 runs, 0 hits, 0 errors, 0 left on base; Chesapeake 2 - Tacoma 0 |
BOTTOM OF THE 6TH |
Tacoma Fur Traders batting - Pitching for Chesapeake Continentals : RHP Kyung-nam Kim
|
Batting: RHB Josh Mawdesley
|
0-0: Ball 1-0: Swinging Strike 1-1: Fly out, F7 (Flyball, 7D)
|
Batting: RHB Dan Vanblarcom
|
0-0: Called Strike 0-1: Ball 1-1: Ball 2-1: Ball 3-1: SINGLE (Line Drive, 6D)
|
Batting: RHB Chad Silander
|
0-0: Ball 1-0: Ball 2-0: Called Strike 2-1: Ball 3-1: Base on Balls Dan Vanblarcom to second
|
Batting: RHB Bill Perkins
|
0-0: 3-RUN HOME RUN (Flyball, 7LD), Distance : 374 ft
|
Batting: RHB Sinclair Bothof
|
0-0: Ball 1-0: Called Strike 1-1: Fly out, F8 (Flyball, 8LM)
|
Batting: RHB Robin Colwill
|
0-0: Ball 1-0: Ball 2-0: Ball 3-0: Called Strike 3-1: Foul Ball, location: 2F 3-2: Foul Ball, location: 2F 3-2: SINGLE (Groundball, 56D)
|
Pitching: LHP Morgan Beckwith
|
|
Batting: RHB Michael Palledorous
|
0-0: Swinging Strike 0-1: Called Strike 0-2: Ball 1-2: Ball 2-2: Ball 3-2: Strikes out looking
|
Bottom of the 6th over - 3 runs, 3 hits, 0 errors, 1 left on base; Chesapeake 2 - Tacoma 3 |
TOP OF THE 7TH |
Chesapeake Continentals batting - Pitching for Tacoma Fur Traders : RHP Álex Hernández
|
Batting: SHB Tomás Valdéz
|
0-0: Called Strike 0-1: Fly out, F8 (Flyball, 89D)
|
Batting: RHB Shou-chien Luo
|
0-0: SINGLE (Line Drive, 34)
|
Batting: LHB Mathias Gudmestad
|
0-0: Ball 1-0: SINGLE (Line Drive, 9LM) Shou-chien Luo to second Runner from 2nd tries for 3rd, SAFE, throw made to third
|
Batting: RHB Phil Oostermeer
|
0-0: Ball 1-0: Ground out U3 (Groundball, 34S) Mathias Gudmestad to second
|
Pitching: LHP Sherman Harrison
|
|
Batting: RHB Santiago Valentín
|
0-0: Ball 1-0: Ball 2-0: Fly out, F9 (Flyball, 9S)
|
Top of the 7th over - 0 runs, 2 hits, 0 errors, 2 left on base; Chesapeake 2 - Tacoma 3 |
BOTTOM OF THE 7TH |
Tacoma Fur Traders batting - Pitching for Chesapeake Continentals : LHP Morgan Beckwith
|
Batting: LHB Vance Corkum
|
0-0: Foul Ball, location: 2F 0-1: Hit by Pitch
|
Pinch Runner at 1st Stan Wheeler:
|
|
Batting: RHB Jeremy Geertsen
|
0-0: Ball 1-0: Bunted foul 1-1: Sac Bunt - play at first, batter OUT! U3 Stan Wheeler to second
|
Batting: RHB Josh Mawdesley
|
0-0: Called Strike 0-1: Ball 1-1: SINGLE (Groundball, 56S) (infield hit) Stan Wheeler to third
|
Batting: RHB Dan Vanblarcom
|
0-0: Called Strike 0-1: Foul Ball, location: 2F 0-2: Ball 1-2: Ball 2-2: Ball 3-2: SINGLE (Line Drive, 56D) Stan Wheeler scores Josh Mawdesley to second
|
Batting: RHB Chad Silander
|
0-0: Swinging Strike 0-1: Ball 1-1: Foul Ball, location: 2F 1-2: Ball 2-2: Fielders Choice at 2nd, 3-6 (Groundball, 34) Josh Mawdesley to third
|
Batting: RHB Bill Perkins
|
0-0: Called Strike 0-1: Fly out, F8 (Flyball, 8RM)
|
Bottom of the 7th over - 1 run, 2 hits, 0 errors, 2 left on base; Chesapeake 2 - Tacoma 4 |
TOP OF THE 8TH |
Chesapeake Continentals batting - Pitching for Tacoma Fur Traders : LHP Sherman Harrison
|
Batting: LHB Raphaël Duval
|
0-0: Swinging Strike 0-1: Called Strike 0-2: Strikes out swinging
|
Batting: RHB Brian Moring
|
0-0: Ball 1-0: Ball 2-0: Called Strike 2-1: Swinging Strike 2-2: Foul Ball, location: 2F 2-2: DOUBLE (Line Drive, 7LS)
|
Batting: RHB Otton Dis
|
0-0: Called Strike 0-1: SINGLE (Groundball, 56S) (infield hit) Brian Moring to third
|
Batting: RHB Nick Bechtel
|
0-0: Ball 1-0: Foul Ball, location: 2F 1-1: Foul Ball, location: 2F 1-2: Fly out, F8 (Flyball, 8RD) Runner from 3rd tags up, SCORES, throw made
|
Pinch Hitting: RHB Manuel Ángel
|
0-0: Ball 1-0: Swinging Strike 1-1: Ball 2-1: Ball 3-1: Base on Balls Otton Dis to second
|
Batting: RHB Shou-chien Luo
|
0-0: Ball 1-0: Ball 2-0: Called Strike 2-1: Called Strike 2-2: Reached via error on a dropped throw, E1 Otton Dis to third Manuel Ángel to second
|
Pinch Hitting: RHB Wes Griffith
|
0-0: Foul Ball, location: 2F 0-1: Foul Ball, location: 2F 0-2: Ball 1-2: Strikes out swinging
|
Top of the 8th over - 1 run, 2 hits, 1 error, 3 left on base; Chesapeake 3 - Tacoma 4 |
BOTTOM OF THE 8TH |
Tacoma Fur Traders batting - Pitching for Chesapeake Continentals : LHP Morgan Beckwith
|
Now at 2B: Manuel Ángel
|
|
Now in LF: Wes Griffith
|
|
Batting: RHB Sinclair Bothof
|
0-0: Swinging Strike 0-1: Fly out, F8 (Flyball, 78D)
|
Batting: RHB Robin Colwill
|
0-0: Reached on error, E5 (Groundball, 56)
|
Batting: RHB Michael Palledorous
|
0-0: Ball 1-0: Fly out, F3 (Popup, 3S)
|
Batting: RHB Stan Wheeler
|
0-0: Fly out, F8 (Line Drive, 8RS)
|
Bottom of the 8th over - 0 runs, 0 hits, 1 error, 1 left on base; Chesapeake 3 - Tacoma 4 |
TOP OF THE 9TH |
Chesapeake Continentals batting - Pitching for Tacoma Fur Traders : LHP Sherman Harrison
|
Pitching: RHP Jeffrey Chesser
|
|
Now at C: Bartolo Ramos
|
|
Now at 1B: Keizo Morishita
|
|
Now at 2B: Ricardo Sandoval
|
|
Batting: RHB Phil Oostermeer
|
0-0: Foul Ball, location: 2F 0-1: Fly out, F8 (Line Drive, 89XD)
|
Batting: RHB Santiago Valentín
|
0-0: Called Strike 0-1: Called Strike 0-2: Strikes out swinging
|
Batting: LHB Raphaël Duval
|
0-0: Called Strike 0-1: Foul Ball, location: 2F 0-2: SINGLE (Flyball, 78M)
|
Batting: RHB Brian Moring
|
0-0: Fielders Choice at 2nd, 6-4 (Groundball, 6)
|
Top of the 9th over - 0 runs, 1 hit, 0 errors, 1 left on base; Chesapeake 3 - Tacoma 4 |
|